 Dungeon Crawl Stone Soup version 0.18.1-48-g4cf74bf (webtiles) character file.

89840 nikopol the Impaler (level 15, -8/136 HPs)
             Began as a Minotaur Berserker on July 1, 2016.
             Was the Champion of Trog.
             Mangled by Norris
             ... wielding a +0 falchion
              (14 damage)
             ... on level 14 of the Dungeon.
             The game lasted 01:24:16 (23700 turns).

nikopol the Impaler (Minotaur Berserker)           Turns: 23700, Time: 01:24:16

Health: -8/136     AC: 31    Str: 23      XL:     15   Next: 50%
Magic:  0/14       EV: 22    Int:  8 (11) God:    Trog [******]
Gold:   1395       SH:  0    Dex: 15      Spells: 0 memorised, 14 levels left

rFire  + . .     SeeInvis .     x - +6 glaive (protect)
rCold  . . .     Gourm    .     W - +1 pearl dragon armour
rNeg   + + +     Faith    .     (shield currently unavailable)
rPois  +         Spirit   +     E - +1 hat {Spirit}
rElec  .         Dismiss  .     R - +2 cloak
rCorr  +         Reflect  .     A - +2 pair of gloves
SustAt .         Harm     .     a - +0 pair of boots
MR     +....                    w - amulet "Zudgheomi" {+Rage rPois rF+}
Stlth  ..........               h - ring of Equivalence {rCorr *Corrode rN++ Int+9 Slay+2}
                                F - +5 ring of evasion

@: confused, exhausted, slowed, very slow, somewhat resistant to hostile
enchantments, extremely unstealthy
A: retaliatory headbutt, horns 2, dopey 1
a: Berserk, Trog's Hand, Brothers in Arms, Burn Spellbooks, Renounce Religion,
Evoke Berserk Rage


You were on level 14 of the Dungeon.
You worshipped Trog.
Trog was exalted by your worship.
You were not hungry.

You visited 3 branches of the dungeon, and saw 24 of its levels.
You also visited: Labyrinth.

You collected 2294 gold pieces.
You spent 899 gold pieces at shops.

Inventory:

Hand Weapons
 c - a +5 shortbow of freezing
 k - a +1 longbow of flaming
 x - a +6 glaive of protection (weapon)
 B - a +1 bardiche of protection
 Y - a +1 antimagic bardiche
Missiles
 n - 403 arrows (quivered)
Armour
 a - a +0 pair of boots (worn)
 A - a +2 pair of gloves (worn)
 E - a +1 hat of spirit shield (worn)
 R - a +2 cloak (worn)
 W - a +1 pearl dragon armour (worn)
Jewellery
 f - an uncursed ring of see invisible
 h - the ring of Equivalence (right hand) {rCorr *Corrode rN++ Int+9 Slay+2}
   (You bought it in a shop on level 2 of the Orcish Mines)

   [ring of resist corrosion]

   It affects your intelligence (+9).
   It affects your accuracy and damage with ranged weapons and melee attacks
   (+2).
   It greatly protects you from negative energy.
   It may corrode you when you take damage.
 w - the amulet "Zudgheomi" (around neck) {+Rage rPois rF+}
   (You found it on level 12 of the Dungeon)

   [amulet of rage]

   It protects you from fire.
   It protects you from poison.
   It lets you go berserk.
 F - a +5 ring of evasion (left hand)
 V - an uncursed ring of sustain attributes
 X - an uncursed amulet of the gourmand
Wands
 j - a wand of digging (21/24)
 G - a wand of slowing (9/48)
Scrolls
 d - 6 scrolls of fear
 i - 3 scrolls of blinking
 m - a scroll of identify
 p - 5 scrolls of remove curse
 y - 2 scrolls of fog
 C - a scroll of magic mapping
 P - 4 scrolls of teleportation
Potions
 e - 2 potions of magic
 l - 5 potions of heal wounds
 o - 6 potions of brilliance
 q - 2 potions of cancellation
 s - 7 potions of degeneration
 t - 3 potions of flight
 u - 10 potions of curing
 D - 3 potions of berserk rage
 H - 5 potions of haste
 J - 2 potions of ambrosia
 K - 2 potions of resistance
 O - 8 potions of might
 S - 2 potions of cure mutation
 U - a potion of agility
Comestibles
 b - 18 royal jellies
 g - 33 fruits
 r - 15 meat rations
 v - 14 beef jerkies
 z - 9 chunks of flesh
 L - 17 bread rations
 Z - 10 slices of pizza


   Skills:
 + Level 13.5 Fighting
 * Level 17.1 Polearms
 * Level 15.0 Bows
 + Level 13.2 Armour
 + Level 12.2 Dodging


You had 14 spell levels left.
You didn't know any spells.

Dungeon Overview and Level Annotations

Branches:
Dungeon (14/15) Temple (0/1) D:4 Lair (8/8) D:8 Shoals (0/4) Lair:6 Snake (0/4) Lair:5 Slime (0/6) Lair:8 Orc (2/2) D:9 Elf (0/3) Orc:2 Vaults (0/5) D:13 D:14

Altars:
Ashenzari
Dithmenos
Elyvilon
Fedhas
Gozag
Kikubaaqudgha
Makhleb
Nemelex Xobeh
Okawaru
Qazlal
Ru
Vehumet
Xom
The Shining One
Jiyva

Shops:
D:8 ?   D:12 (   Orc:2 :[*(

Annotations:
D:14 Norris


Innate Abilities, Weirdness & Mutations

You reflexively headbutt those who attack you in melee.
You have a pair of horns on your head.
You are dopey. (Int -2)


Message History

You hear something mumble some strange prayers to a god against you.
You feel dopey. Something feeds on your intellect!
You barely miss something. You headbutt something!
You are no longer berserk.
You are exhausted.
You feel yourself slow down.
You miss something. Something hits you but does no damage.
You barely miss something.
You hear something invoke the aid of a god against you.
Something smites you!
* * * LOW HITPOINT WARNING * * *
You hear something invoke the aid of a god against you.
You are confused.
Something hits you!!
* * * LOW HITPOINT WARNING * * *
There is a stone staircase leading down, spattered with blood here.
You see here a human corpse.
Something hits you!
You die...

##...####.
#######.....#...
#.........)...#
.....%........#
..!...........+
.#.$..........#
....$.†∩<.....#
#.....)<>.....#
#......{@.....#
..............#
#...........$.#
#.............#
..#######.###...
. .. ##. ... ...


There were no monsters in sight!

Vanquished Creatures
  Rupert (D:14)
  Gastronok (Lair:2)
  Donald (D:14)
  An orc warlord (Orc:2)
  The ghost of PeterLawrence the Bludgeoner, a journeyman MiFi of Okawaru (Lair:8)
  Josephine (Orc:1)
  A minotaur (Lab)
  A yaktaur captain (D:12)
  5 hydras
  Erolcha (Orc:1)
  A centaur warrior (D:12)
  A tengu warrior (D:12)
  3 death yaks (Lair:5)
  2 orc high priests (Orc:2)
  3 hill giants
  4 unseen horrors
  The ghost of TBriggs11TB the Cleaver, a novice DDFi of Pakellas (D:6)
  3 orc knights (Orc:2)
  4 griffons
  3 ugly things
  3 orc sorcerers (Orc:2)
  2 oklob plants
  2 manticores (D:13)
  3 cyclopes
  19 elephants
  12 black mambas
  Maurice (D:9)
  2 centaur zombies
  2 guardian serpents (D:13)
  2 molten gargoyles (Lair:4)
  2 torpor snails
  17 spiny frogs
  3 rime drakes
  4 komodo dragons
  5 trolls
  A giant leech (Lair:8)
  A queen bee (Lair:1)
  A two-headed ogre (D:12)
  A polar bear (Lair:8)
  26 blink frogs
  A shadow (D:12)
  3 fire bats (Lair:8)
  6 wraiths
  45 yaks
  16 humans
  A steam dragon (D:12)
  8 basilisks
  4 vampire mosquitoes (Lair:8)
  7 hippogriffs
  6 wargs
  2 mottled dragons
  20 water moccasins
  11 porcupines
  6 sky beasts
  A black bear (D:12)
  31 orc warriors
  A swamp drake (D:9)
  6 ice beasts
  A boggart (D:12)
  11 ogres
  A wasp (D:8)
  A necrophage (D:10)
  12 centaurs
  21 wolves
  11 crocodiles
  2 gnoll sergeants
  41 giant frogs
  2 scorpions
  30 killer bees
  13 wights
  11 howler monkeys
  3 electric eels (Lair:8)
  10 crimson imps
  5 lava snakes (Lair:4)
  2 giant frog zombies
  3 jellies
  A quasit (D:5)
  3 hounds
  17 orc wizards
  2 centaur skeletons
  17 orc priests
  Crazy Yiuf (D:6)
  10 iguanas
  A giant frog skeleton (D:8)
  Terence (D:2)
  6 worker ants
  22 sheep
  A killer bee zombie (D:9)
  A hound zombie (D:10)
  A hound skeleton (D:4)
  A worker ant zombie (D:7)
  5 gnolls (D:9)
  5 adders
  44 river rats
  2 shadow imps
  2 oozes
  An adder zombie (D:9)
  An adder skeleton (D:5)
  2 worms
  5 giant geckos
  68 orcs
  2 giant cockroaches
  6 goblins
  10 hobgoblins
  10 jackals
  4 quokkas
  2 ball pythons
  5 bats
  3 giant newts
  7 kobolds
  A quokka skeleton (D:9)
  3 rats
  2 bushes (Lair:7)
  5 fungi
  7 plants
790 creatures vanquished.

Vanquished Creatures (others)
  44 fungi
  9 plants
53 creatures vanquished.

Grand Total: 843 creatures vanquished

Notes
Turn   | Place    | Note
--------------------------------------------------------------
     0 | D:1      | nikopol the Minotaur Berserker began the quest for the Orb.
     0 | D:1      | Reached XP level 1. HP: 19/19 MP: 0/0
   266 | D:1      | Reached XP level 2. HP: 27/27 MP: 1/1
   731 | D:1      | You fall through a shaft!
   736 | D:2      | Reached skill level 4 in Polearms
   847 | D:2      | Reached XP level 3. HP: 33/33 MP: 2/2
  1046 | D:2      | Noticed Terence
  1054 | D:2      | Killed Terence
  1102 | D:2      | Reached ** piety under Trog
  1187 | D:2      | Reached XP level 4. HP: 40/40 MP: 3/3
  2034 | D:4      | Found an iron altar of Okawaru.
  2057 | D:4      | Found an ancient bone altar of Kikubaaqudgha.
  2151 | D:4      | Found a staircase to the Ecumenical Temple.
  2514 | D:5      | Entered Level 5 of the Dungeon
  2589 | D:5      | Reached XP level 5. HP: 25/47 MP: 4/4
  2590 | D:5      | Reached skill level 5 in Polearms
  2754 | D:5      | Found an opulent altar of Gozag.
  2766 | D:5      | Found a white marble altar of Elyvilon.
  2768 | D:5      | Found a shattered altar of Ashenzari.
  2804 | D:5      | Reached skill level 5 in Fighting
  2804 | D:5      | Reached XP level 6. HP: 47/56 MP: 5/5
  2907 | D:5      | Found a shattered altar of Ashenzari.
  2920 | D:5      | Noticed an ice beast
  2936 | D:5      | Killed an ice beast
  3022 | D:5      | Found a radiant altar of Vehumet.
  3033 | D:5      | Found a burning altar of Makhleb.
  3036 | D:5      | Found a sparkling altar of Nemelex Xobeh.
  3307 | D:6      | Reached XP level 7. HP: 53/62 MP: 6/6
  3394 | D:6      | Reached skill level 6 in Polearms
  3394 | D:6      | Reached skill level 5 in Armour
  3588 | D:6      | Reached skill level 5 in Dodging
  3829 | D:6      | Reached skill level 1 in Bows
  4025 | D:6      | Found a shadowy altar of Dithmenos.
  4062 | D:6      | Found a glowing golden altar of the Shining One.
  4078 | D:6      | Noticed TBriggs11TB's ghost (novice DDFi)
  4082 | D:6      | Noticed Crazy Yiuf
  4095 | D:6      | Killed TBriggs11TB's ghost
  4095 | D:6      | Reached skill level 7 in Polearms
  4095 | D:6      | Reached XP level 8. HP: 71/71 MP: 7/7
  4099 | D:6      | Killed Crazy Yiuf
  4254 | D:7      | Found a sacrificial altar of Ru.
  4266 | D:7      | Reached *** piety under Trog
  4469 | D:7      | Reached skill level 8 in Polearms
  4606 | D:7      | Reached XP level 9. HP: 77/79 MP: 8/8
  4881 | D:7      | Reached skill level 5 in Bows
  4938 | D:8      | Found Wyr Ruig's Magic Scroll Boutique.
  4961 | D:8      | Found a staircase to the Lair.
  4961 | D:8      | Noticed an elephant
  4979 | D:8      | Killed an elephant
  5082 | D:8      | Reached skill level 9 in Polearms
  5242 | D:8      | Found a stormy altar of Qazlal.
  5351 | D:8      | Found a shimmering altar of Xom.
  5470 | D:8      | Reached **** piety under Trog
  5671 | Lair:1   | Entered Level 1 of the Lair of Beasts
  5672 | Lair:1   | Noticed a black mamba
  5678 | Lair:1   | Reached XP level 10. HP: 88/88 MP: 9/9
  5691 | Lair:1   | Killed a black mamba
  5691 | Lair:1   | Reached skill level 10 in Polearms
  6226 | Lair:2   | Noticed Gastronok
  6226 | Lair:2   | Found a labyrinth entrance.
  6235 | Lab      | Entered a labyrinth
  6874 | Lab      | Noticed a minotaur
  6886 | Lab      | Killed a minotaur
  6899 | Lab      | Received a gift from Trog
  6991 | Lab      | Got a translucent flail
  6995 | Lab      | Identified the cursed +0 flail of Ociagekk {drain, *Confuse Int+4 Dex+4} (You found it in a labyrinth)
  7097 | Lair:2   | Reached skill level 11 in Polearms
  7374 | Lair:2   | Killed Gastronok
  7374 | Lair:2   | Reached XP level 11. HP: 97/97 MP: 10/10
  7618 | Lair:2   | Noticed a four-headed hydra
  7632 | Lair:2   | Killed a 12-headed hydra
  7671 | Lair:2   | Reached ***** piety under Trog
  7914 | Lair:2   | Reached skill level 12 in Polearms
  8234 | D:8      | Bought a scroll of enchant armour for 90 gold pieces
  8463 | Lair:1   | Got a smoking amber ring
  8678 | Lair:1   | Received a gift from Trog
  8829 | Lair:1   | Reached skill level 10 in Bows
  8912 | Lair:1   | Reached skill level 10 in Fighting
  9698 | Lair:3   | Reached XP level 12. HP: 106/106 MP: 11/11
  9716 | Lair:3   | Reached skill level 10 in Armour
  9788 | Lair:3   | Received a gift from Trog
 10278 | Lair:3   | Reached skill level 13 in Polearms
 10605 | Lair:4   | Received a gift from Trog
 10897 | Lair:4   | Received a gift from Trog
 11258 | Lair:4   | Reached ****** piety under Trog
 11312 | Lair:4   | Received a gift from Trog
 11621 | Lair:5   | Reached skill level 10 in Dodging
 12056 | Lair:5   | Found a staircase to the Snake Pit.
 12104 | Lair:5   | Reached XP level 13. HP: 84/116 MP: 12/12
 12132 | Lair:5   | Reached skill level 14 in Polearms
 12139 | Lair:5   | Received a gift from Trog
 13259 | Lair:6   | Found a staircase to the Shoals.
 13587 | Lair:6   | Received a gift from Trog
 14096 | Lair:7   | Found a blossoming altar of Fedhas.
 14659 | Lair:7   | Found a blossoming altar of Fedhas.
 14867 | Lair:8   | Entered Level 8 of the Lair of Beasts
 14968 | Lair:8   | Reached skill level 15 in Polearms
 15310 | Lair:8   | Noticed PeterLawrence's ghost (journeyman MiFi)
 15336 | Lair:8   | Killed PeterLawrence's ghost
 15336 | Lair:8   | Reached XP level 14. HP: 126/126 MP: 11/13
 15941 | Lair:8   | Received a gift from Trog
 16176 | Lair:8   | Lost intelligence.
 16176 | Lair:8   | Identified the cursed ring "Nausu" {Str+2 Int-4} (You found it on level 1 of the Lair of Beasts)
 16801 | Lair:8   | Found a viscous altar of Jiyva.
 16801 | Lair:8   | Found a staircase to the Slime Pits.
 17360 | D:9      | Noticed Maurice
 17366 | D:9      | Killed Maurice
 17538 | D:9      | Received a gift from Trog
 17567 | D:9      | Found a staircase to the Orcish Mines.
 17719 | D:9      | You fall through a shaft for 3 floors!
 17918 | D:10     | Entered Level 10 of the Dungeon
 17983 | D:10     | Reached skill level 16 in Polearms
 18497 | Orc:1    | Entered Level 1 of the Orcish Mines
 18497 | Orc:1    | Noticed Erolcha
 18503 | Orc:1    | Killed Erolcha
 18538 | Orc:1    | Noticed Josephine
 18544 | Orc:1    | Killed Josephine
 19108 | Orc:2    | Entered Level 2 of the Orcish Mines
 19265 | Orc:2    | Found Muyshred's Antique Armour Boutique.
 19265 | Orc:2    | Noticed an orc warlord
 19293 | Orc:2    | Killed an orc warlord
 19296 | Orc:2    | Paralysed by an orc sorcerer for 6 turns
 19371 | Orc:2    | Received a gift from Trog
 19677 | Orc:2    | Found Ulyviut's Book Shoppe.
 19753 | Orc:2    | Found a staircase to the Elven Halls.
 20000 | Orc:2    | Found Yffycs Qudgh's General Store.
 20019 | Orc:2    | Bought the ring of Equivalence {rCorr *Corrode rN++ Int+9 Slay+2} for 710 gold pieces
 20082 | Orc:2    | Gained mutation: You are dopey. (Int -2) [a neqoxec]
 20104 | Orc:2    | Found Zilycraiwa's Antique Weapon Shoppe.
 20604 | Orc:2    | Bought a pair of embroidered gloves for 99 gold pieces
 21021 | D:11     | Reached XP level 15. HP: 133/135 MP: 14/14
 21084 | D:11     | Received a gift from Trog
 22048 | D:12     | Found Piwyl's Antique Weapon Shoppe.
 22074 | D:12     | Found a runed door.
 22182 | D:12     | Received a gift from Trog
 22633 | D:12     | Got a transparent pewter amulet
 22647 | D:12     | Identified the amulet "Zudgheomi" {+Rage rPois rF+} (You found it on level 12 of the Dungeon)
 23586 | D:14     | Found a gate to the Vaults.
 23586 | D:14     | Noticed Rupert
 23586 | D:14     | Noticed Donald
 23586 | D:14     | Noticed Norris
 23601 | D:13     | Reached skill level 17 in Polearms
 23672 | D:14     | Killed Rupert
 23682 | D:14     | Reached skill level 15 in Bows
 23688 | D:14     | Killed Donald
 23699 | D:14     | HP: 5/136 [something (17)]
 23700 | D:14     | Mangled by Norris

Skill      XL: |  1  2  3  4  5  6  7  8  9 10 11 12 13 14 15 |
---------------+----------------------------------------------+-----
Polearms       | 4 5 7 8 9 11 12 13 15 16 17 | 17.1
Dodging        | 3 4 5 6 7 8 9 10 11 12 | 12.2
Fighting       | 4 5 6 7 8 9 10 11 12 13 | 13.5
Armour         | 3 4 5 6 7 8 9 10 11 12 13 | 13.2
Bows           | 3 4 6 8 10 11 13 14 15 | 15.0

Action                   |  1- 3 |  4- 6 |  7- 9 | 10-12 | 13-15 || total
-------------------------+-------+-------+-------+-------+-------++-------
Melee: Spear             |    95 |   139 |   279 |    83 |       ||   596
       Headbutt          |    13 |    22 |    70 |    85 |   143 ||   333
       Glaive            |       |       |       |   284 |   630 ||   914
       Bardiche          |       |       |       |       |     6 ||     6
 Fire: Shortbow          |       |       |    68 |   485 |  1085 ||  1638
Invok: Berserk           |     1 |       |     5 |     4 |     8 ||    18
       Burn Spellbooks   |       |       |       |     3 |     5 ||     8
  Use: Scroll            |       |       |       |    24 |    17 ||    41
       Potion            |       |       |       |       |     1 ||     1
 Stab: Sleeping          |     4 |       |       |       |       ||     4
  Eat: Chunk             |     2 |     7 |    12 |    20 |    52 ||    93
       Royal jelly       |       |       |       |     1 |       ||     1
       Fruit             |       |       |       |     1 |       ||     1
       Beef jerky        |       |       |       |     1 |       ||     1
Armor: Leather armour    |     7 |       |       |       |       ||     7
       Scale mail        |     2 |    57 |    74 |   204 |   113 ||   450
       Pearl dragon armo |       |       |       |       |   171 ||   171
Dodge: Dodged            |    36 |    65 |   141 |   491 |   714 ||  1447
